 Dungeon Crawl Stone Soup version 0.18-a0-1125-g2bdabe5 (webtiles) character file.

320 Reinor the Insei (level 6, 0/43 HPs)
             Began as an Octopode Chaos Knight on Jan 20, 2016.
             Succumbed to Robin's poison
             ... on level 3 of the Dungeon.
             The game lasted 00:10:54 (2605 turns).

Reinor the Insei (Octopode Chaos Knight)            Turns: 2605, Time: 00:10:54

Health: 0/43       AC:  2    Str: 11    XL:     6   Next: 46%
Magic:  2/6        EV: 20    Int: 19    God:    Xom [..*...]
Gold:   127        SH:  0    Dex: 19    Spells: 0 memorised, 5 levels left

rFire  . . .     SeeInvis +       - Unarmed
rCold  . . .     Gourm    .     (no shield)
rNeg   . . .     Faith    .     (helmet restricted)
rPois  .         Spirit   +     m - amulet of guardian spirit
rElec  +         Dismiss  .     c - ring of see invisible
rCorr  .         Reflect  .     (no ring)
SustAt .         Harm     .     (no ring)
MR     .....     Rnd*Rage +     (no ring)
Stlth  ++++......               (no ring)
                                (no ring)
                                (no ring)
                                (no ring)

@: brilliant, agile, lethally poisoned (0 -> -1), not resistant to hostile
enchantments, stealthy
A: almost no armour, amphibious, 8 rings, constrict 8, fangs 1, rugged brown
scales 1, camouflage 1, berserk 1, electricity resistance, gelatinous body 1
a: Renounce Religion


You were on level 3 of the Dungeon.
You worshipped Xom.
You were a toy of Xom.
You were not hungry.

You visited 1 branch of the dungeon, and saw 3 of its levels.

You collected 127 gold pieces.

Inventory:

Jewellery
 c - a ring of see invisible (left tentacle)
 m - an amulet of guardian spirit (around mantle)
Wands
 e - a wand of flame (17/48)
Scrolls
 b - a scroll of identify
Potions
 h - a potion of brilliance
Comestibles
 a - a bread ration
 d - 3 chunks of flesh
 f - 2 beef jerkies


   Skills:
 - Level 3.0 Fighting
 + Level 4.6 Dodging
 - Level 5.7 Unarmed Combat


You had 5 spell levels left.
You didn't know any spells.

Dungeon Overview and Level Annotations

Branches:
Dungeon (3/15)

Altars:


Innate Abilities, Weirdness & Mutations

You cannot wear most types of armour.
You are amphibious.
You can wear up to eight rings at the same time.
You can use your tentacles to constrict eight enemies at once.
Your skin changes colour to match your surroundings (Stealth).
Your rubbery body absorbs attacks (AC +1).
You have very sharp teeth.
You are partially covered in rugged brown scales (AC +1, +3% HP).
You tend to lose your temper in combat.
You are resistant to electric shocks.


Message History

Xom's power flows through you! The ogre barely misses you.
You tentacle-slap the ogre. You squeeze the ogre.
The ogre is moderately wounded.
Your hound barely misses the ogre.
You tentacle-slap the ogre but do no damage.
You squeeze the ogre.
The ogre is heavily wounded.
* * * LOW HITPOINT WARNING * * *
You feel sick. The ogre misses you.
Your hound bites the ogre.
You tentacle-slap the ogre but do no damage.
You squeeze the ogre.
The ogre is almost dead.
Your hound bites the ogre.
The ogre dies!
There is a lethal amount of poison in your body!
* * * LOW HITPOINT WARNING * * *
You feel sick.
You die...
Xom howls with laughter!

.###########.........#
.........#...........###
.......รท................
#.######.#...#.#.####...
.........#.#.#.#.# #....
.#####.(#.#.#.#.# #.##'
#..#.#.#.#.# #.#..
#h)#.#.#.#.# #.#..
#@)#.#.#.#.# #.#..
'.....)....#.#.#.# #.#..
#....##..### #.#.# #..
#... #... #.. ### #'###
#.. ... #.. ... ### ...
... ###


You could see a friendly hound.

Vanquished Creatures
  The ghost of Reinor the Conjurer, an amateur TeCj of Vehumet (D:3)
  Crazy Yiuf (D:2)
  A worker ant (D:3)
  Robin (D:3)
  3 adders
  2 oozes (D:2)
  A worm (D:2)
  2 giant geckos (D:1)
  2 orcs
  3 giant cockroaches (D:2)
  16 goblins
  10 hobgoblins
  7 jackals
  2 ball pythons
  6 bats
  4 giant newts
  6 kobolds
  10 rats
  A fungus (D:2)
79 creatures vanquished.

Vanquished Creatures (collateral kills)
  An ogre (D:3)
1 creature vanquished.

Grand Total: 80 creatures vanquished

Notes
Turn   | Place    | Note
--------------------------------------------------------------
     0 | D:1      | Reinor the Octopode Chaos Knight began the quest for the Orb.
     0 | D:1      | Reached XP level 1. HP: 16/16 MP: 1/1
   139 | D:1      | XOM: harmless Chrm miscast
   156 | D:1      | XOM: potion effect (agility)
   184 | D:1      | Reached XP level 2. HP: 17/21 MP: 2/2
   481 | D:1      | XOM is BORED!
   481 | D:1      | XOM: silly message
   635 | D:2      | Reached skill level 4 in Unarmed Combat
   640 | D:2      | Reached XP level 3. HP: 24/26 MP: 3/3
  1059 | D:2      | Reached XP level 4. HP: 22/31 MP: 4/4
  1416 | D:2      | Noticed Crazy Yiuf
  1427 | D:2      | Killed Crazy Yiuf
  1427 | D:2      | Reached skill level 5 in Unarmed Combat
  1535 | D:3      | XOM is BORED!
  1535 | D:3      | XOM: mild Air miscast
  1637 | D:3      | XOM: harmless Tloc miscast
  1678 | D:3      | XOM: harmless Divn miscast
  1680 | D:3      | Reached XP level 5. HP: 9/36 MP: 1/5
  1704 | D:3      | HP: 1/36 [poisoned by a worker ant]
  1907 | D:3      | XOM: harmless Hex miscast
  1909 | D:3      | XOM: harmless Divn miscast
  2056 | D:3      | Noticed Robin
  2265 | D:3      | Noticed Reinor's ghost (amateur TeCj)
  2275 | D:3      | XOM: butterfly on damage
  2283 | D:3      | Killed Reinor's ghost
  2571 | D:3      | Reached XP level 6. HP: 26/42 MP: 4/6
  2574 | D:3      | XOM: smoke on damage
  2580 | D:3      | Gained mutation: One of your tentacles bears a spike. [potion of mutation]
  2580 | D:3      | Gained mutation: You have an increased reservoir of magic (+10% MP). [potion of mutation]
  2580 | D:3      | Gained mutation: You are resistant to electric shocks. [potion of mutation]
  2581 | D:3      | Lost mutation: You have an increased reservoir of magic (+10% MP). [potion of cure mutation]
  2581 | D:3      | Lost mutation: One of your tentacles bears a spike. [potion of cure mutation]
  2582 | D:3      | Gained mutation: You are partially covered in rugged brown scales (AC +1, +3% HP). [potion of mutation]
  2582 | D:3      | Gained mutation: You tend to lose your temper in combat. [potion of mutation]
  2582 | D:3      | Gained mutation: You have very sharp teeth. [potion of mutation]
  2582 | D:3      | Killed Robin
  2590 | D:3      | HP: 2/43 [poisoned by Robin]
  2595 | D:3      | XOM: cast spell 'Call Canine Familiar'
  2597 | D:3      | HP: 1/43 [poisoned by Robin]
  2605 | D:3      | Succumbed to Robin's poison

Vault maps used:
D:1:      lightli_arrival_chessboard
D:2:      serial_park_tiny_1, uniq_crazy_yiuf_cottage
D:3:      minmay_misc_feat_encased, minmay_tree_intersection, minivault_25,
          okawaru_altar_gauntlet_db, uniq_robin

Action                   |  1- 3 |  4- 6 || total
-------------------------+-------+-------++-------
Melee: Unarmed           |    78 |   102 ||   180
  Use: Scroll            |     3 |     1 ||     4
       Potion            |       |     9 ||     9
 Stab: Sleeping          |     8 |     4 ||    12
  Eat: Chunk             |       |     5 ||     5
